[Event "France Jeunes Belfort 2017"]
[Site "Belfort"]
[Date "2017.04.18"]
[Round "4.2"]
[White "Boyer, Mahel"]
[Black "Tomasi, Albert"]
[Result "1/2-1/2"]
[ECO "D06"]
[WhiteElo "2020"]
[BlackElo "2176"]
[PlyCount "113"]
[EventDate "2017.??.??"]
[TimeControl "6000+1525"]
[WhiteClock "0:01:09"]
[BlackClock "0:01:12"]

1. d4 d5 2. c4 c5 3. cxd5 Qxd5 4. Nf3 cxd4 5. Nc3 Qa5 6. Nxd4 Nf6 7. g3 e5 8.
Nb3 Qc7 9. Bg2 Bb4 10. O-O Bxc3 11. bxc3 O-O 12. Qc2 a5 13. Ba3 Re8 14. Rfd1
Bd7 15. Bd6 Qc8 16. Nc5 Bc6 17. Bxc6 Qxc6 18. Qa4 b5 19. Qb3 Na6 20. Nxa6 Rxa6
21. a4 bxa4 22. Rxa4 Ne4 23. Rc4 Qa8 24. Rc7 Ng5 25. h4 a4 26. Qb7 Ne6 27. Rxf7
Qxb7 28. Rxb7 a3 29. Rbb1 a2 30. Ra1 Rd8 31. Kg2 Raxd6 32. Rxd6 Rxd6 33. Rxa2
Kf7 34. Kf3 Rc6 35. Ra3 Rc4 36. Ke3 Nc5 37. f3 h5 38. Ra7+ Kf6 39. Ra3 Ke6 40.
Kd2 Ra4 41. Rxa4 Nxa4 42. Kd3 Kd5 43. c4+ Ke6 44. Kc2 Kd6 45. Kb3 Nc5+ 46. Kc3
g6 47. e3 Nd7 48. Kd3 Nf6 49. f4 Nd7 50. e4 Kc5 51. Kc3 Nf6 52. Kd3 Ng4 53. Kc3
Nf6 54. Kd3 Ng4 55. Kc3 Kd6 56. Kd3 Kc5 57. Kc3 1/2-1/2

[Event "France Jeunes Belfort 2017"]
[Site "Belfort"]
[Date "2017.04.18"]
[Round "4.2"]
[White "Bureau-Leroyer, Lola"]
[Black "Haussernot, Cécile"]
[Result "0-1"]
[ECO "A28"]
[WhiteElo "1635"]
[BlackElo "2107"]
[PlyCount "30"]
[EventDate "2017.??.??"]
[TimeControl "6000+1395"]
[WhiteClock "0:18:34"]
[BlackClock "0:42:42"]

1. c4 e5 2. Nf3 Nc6 3. Nc3 Nf6 4. d4 exd4 5. Nxd4 Bb4 6. Nxc6 bxc6 7. Bd2 O-O
8. g3 d5 9. Bg2 Ba6 10. b3 dxc4 11. Bxc6 Qd4 12. Rc1 Rad8 13. Rc2 Rd6 14. Bf3
Bxc3 15. e3 Bxd2+ 0-1

[Event "France Jeunes Belfort 2017"]
[Site "Belfort"]
[Date "2017.04.18"]
[Round "4.2"]
[White "Caloone, Thomas"]
[Black "Kambrath, Yannick"]
[Result "0-1"]
[ECO "B50"]
[WhiteElo "2149"]
[BlackElo "2341"]
[PlyCount "110"]
[EventDate "2017.??.??"]
[TimeControl "6000+1000"]
[WhiteClock "0:13:59"]
[BlackClock "0:12:39"]

1. e4 c5 2. Nf3 d6 3. Bc4 Nf6 4. d3 Nc6 5. c3 g6 6. O-O Bg7 7. h3 O-O 8. Bb3 b5
9. Bf4 a5 10. a4 b4 11. Bc4 d5 12. Bb5 Na7 13. e5 Ne8 14. Be3 Qc7 15. Qd2 Bb7
16. d4 cxd4 17. Bxd4 Nxb5 18. axb5 b3 19. Ra4 Qd7 20. Qd3 Nc7 21. Nbd2 Ba6 22.
Rxa5 Bxb5 23. Rxb5 Qxb5 24. Qxb5 Nxb5 25. Nxb3 Ra2 26. Rb1 Nxd4 27. Nbxd4 Rfa8
28. Nc2 f6 29. e6 f5 30. Nb4 Ra1 31. Rxa1 Rxa1+ 32. Kh2 Rd1 33. Kg3 Kf8 34. Nc6
Rb1 35. Nb4 Rxb2 36. Nxd5 Rc2 37. Ne1 Re2 38. Nd3 Rxe6 39. c4 Rd6 40. N3b4 e6
41. Ne3 Bd4 42. Kf3 Bc5 43. Nbc2 Rd2 44. Ne1 Ke7 45. g4 Kd6 46. gxf5 gxf5 47.
N1g2 Bxe3 48. Nxe3 Ke5 49. h4 h5 50. c5 Rd3 51. c6 Rc3 52. Kg2 Rxc6 53. Nf1 Kf4
54. Kh3 Kf3 55. Ng3 Rc1 0-1

[Event "France Jeunes Belfort 2017"]
[Site "Belfort"]
[Date "2017.04.18"]
[Round "4.2"]
[White "De Talance, Berenice"]
[Black "Rubsamen, Anais"]
[Result "1/2-1/2"]
[ECO "A16"]
[WhiteElo "1757"]
[BlackElo "1610"]
[PlyCount "81"]
[EventDate "2017.??.??"]
[TimeControl "6000+1380"]
[WhiteClock "0:01:05"]
[BlackClock "0:01:15"]

1. c4 Nf6 2. Nc3 Nc6 3. e4 e5 4. Nf3 Bc5 5. Be2 O-O 6. O-O d6 7. b3 Nd4 8. Bb2
c6 9. d3 Re8 10. Na4 Nxf3+ 11. Bxf3 Bb6 12. Nxb6 Qxb6 13. d4 a5 14. Qd3 a4 15.
Rfd1 d5 16. c5 dxe4 17. Bxe4 Qd8 18. dxe5 Qxd3 19. Bxd3 Nd7 20. Bd4 axb3 21.
axb3 Rxa1 22. Rxa1 Nxe5 23. Bc2 Ng6 24. Kf1 Nf4 25. f3 Ne6 26. Be3 Nc7 27. Kf2
Nd5 28. Bd2 g6 29. Ra8 Nc7 30. Ra4 Nd5 31. Bd3 Be6 32. Ra7 Bc8 33. Bc4 Nf6 34.
b4 Nd7 35. Bc3 Ne5 36. Be2 Nd7 37. f4 f5 38. Bc4+ Kf8 39. b5 Re4 40. Bd3 Re7
41. Kf3 1/2-1/2

[Event "France Jeunes Belfort 2017"]
[Site "Belfort"]
[Date "2017.04.18"]
[Round "4.2"]
[White "Diez, Agathe"]
[Black "Marcellier, Lucie"]
[Result "0-1"]
[ECO "C44"]
[WhiteElo "1404"]
[BlackElo "1557"]
[PlyCount "32"]
[EventDate "2017.??.??"]
[TimeControl "6000+2330"]
[WhiteClock "0:13:13"]
[BlackClock "0:46:43"]

1. e4 e5 2. Nf3 Nc6 3. d4 exd4 4. Nxd4 Nf6 5. Nxc6 bxc6 6. Nc3 Bb4 7. Bd2 O-O
8. Bd3 Re8 9. Qf3 d5 10. O-O-O Bg4 11. Qg3 Bxd1 12. Rxd1 Rb8 13. e5 Nd7 14. Bg5
Be7 15. Qh4 Bxg5+ 16. Qxg5 Qxg5+ 0-1

[Event "France Jeunes Belfort 2017"]
[Site "Belfort"]
[Date "2017.04.18"]
[Round "4.2"]
[White "Lamaze, Simon"]
[Black "Meillon, Judicael"]
[Result "1/2-1/2"]
[ECO "B90"]
[WhiteElo "1682"]
[BlackElo "1884"]
[PlyCount "80"]
[EventDate "2017.??.??"]
[TimeControl "6000+13080"]
[WhiteClock "0:24:54"]
[BlackClock "0:27:51"]

1. e4 c5 2. Nf3 d6 3. d4 cxd4 4. Nxd4 Nf6 5. Nc3 a6 6. Be3 e6 7. Bd3 Be7 8. O-O
b5 9. f3 Bb7 10. Qd2 Nbd7 11. Rad1 O-O 12. Qf2 Rc8 13. Nb3 d5 14. exd5 Nxd5 15.
Nxd5 Bxd5 16. Be4 Bxe4 17. fxe4 Qc7 18. c3 Ne5 19. Bf4 Bd6 20. Qg3 f6 21. Nd4
Qe7 22. Nf3 Nxf3+ 23. Qxf3 Bxf4 24. Qxf4 e5 25. Qf3 Rfd8 26. h3 Rc6 27. Rxd8+
Qxd8 28. Rd1 Rd6 29. Rxd6 Qxd6 30. Qe2 g6 31. g4 Kf7 32. Kf2 Ke6 33. Ke3 Qc5+
34. Kf3 Qg1 35. a4 Qh1+ 36. Kg3 Qg1+ 37. Kf3 Qh1+ 38. Kg3 Qg1+ 39. Kf3 Qb6 40.
axb5 axb5 1/2-1/2

[Event "France Jeunes Belfort 2017"]
[Site "Belfort"]
[Date "2017.04.18"]
[Round "4.2"]
[White "Leriche, Ines"]
[Black "Mars, Fiona"]
[Result "1-0"]
[ECO "D85"]
[WhiteElo "2037"]
[BlackElo "1799"]
[PlyCount "33"]
[EventDate "2017.??.??"]
[TimeControl "6000+1825"]
[WhiteClock "0:19:30"]
[BlackClock "0:46:02"]

1. d4 Nf6 2. c4 g6 3. Nc3 d5 4. cxd5 Nxd5 5. e4 Nxc3 6. bxc3 Bg7 7. Nf3 c5 8.
Be3 Bg4 9. Rc1 O-O 10. d5 Qc7 11. Qd2 Rd8 12. Bh6 Bh8 13. h4 f5 14. d6 Rxd6 15.
Bc4+ e6 16. Ng5 f4 17. Qxf4 1-0

[Event "France Jeunes Belfort 2017"]
[Site "Belfort"]
[Date "2017.04.18"]
[Round "4.2"]
[White "Rollot, Florence"]
[Black "Mutzel, Annabelle"]
[Result "1-0"]
[ECO "A06"]
[WhiteElo "1973"]
[BlackElo "1607"]
[PlyCount "73"]
[EventDate "2017.??.??"]
[TimeControl "6000+1625"]
[WhiteClock "0:03:01"]
[BlackClock "0:03:30"]

1. Nf3 d5 2. g3 Nf6 3. Bg2 Bg4 4. O-O e6 5. c4 c6 6. d3 Be7 7. a3 Nbd7 8. Nc3
O-O 9. Bf4 Bxf3 10. Bxf3 e5 11. Bd2 d4 12. Ne4 Nxe4 13. Bxe4 f5 14. Bg2 f4 15.
b4 g5 16. Qb3 Nf6 17. b5 Qd7 18. bxc6 bxc6 19. Rab1 Rab8 20. Qxb8 Rxb8 21.
Rxb8+ Kg7 22. Rfb1 Kg6 23. R8b7 Qe6 24. Rxa7 fxg3 25. hxg3 e4 26. Rbb7 e3 27.
fxe3 dxe3 28. Be1 Bd6 29. Rg7+ Kh6 30. Be4 Nxe4 31. Rxh7+ Kg6 32. Rag7+ Kf5 33.
dxe4+ Kxe4 34. Rxg5 Qf5 35. Rh4+ Ke5 36. Bc3+ Ke6 37. Rh6+ 1-0

[Event "France Jeunes Belfort 2017"]
[Site "Belfort"]
[Date "2017.04.18"]
[Round "4.2"]
[White "Roque, Gaetan"]
[Black "Eugene, Floryan"]
[Result "*"]
[ECO "E61"]
[WhiteElo "2174"]
[BlackElo "2271"]
[PlyCount "143"]
[EventDate "2017.??.??"]
[TimeControl "6000+1355"]
[WhiteClock "0:00:51"]
[BlackClock "0:03:55"]

1. d4 Nf6 2. c4 g6 3. Nc3 Bg7 4. Nf3 O-O 5. Bg5 d6 6. e3 Nbd7 7. Be2 c6 8. Qc2
a6 9. O-O h6 10. Bh4 b5 11. cxb5 cxb5 12. b4 Bb7 13. a4 bxa4 14. Rxa4 Qb6 15.
Rb1 Rfc8 16. b5 axb5 17. Rxb5 Qc6 18. Rc4 Qa6 19. Qb1 Rxc4 20. Bxc4 Rc8 21. Rc5
Qa8 22. Rxc8+ Qxc8 23. Qb3 d5 24. Bd3 Ba6 25. Bb1 Qc6 26. h3 Bc4 27. Qb4 Bf8
28. Qb2 Qa6 29. Nd2 Bd3 30. Qa2 Qxa2 31. Bxa2 e6 32. Nf3 Bb4 33. Na4 Ne4 34.
Bd8 Bc2 35. Nc5 Ndxc5 36. dxc5 Bxc5 37. Ne1 Ba4 38. Bb1 Nc3 39. Bd3 Bb5 40. Ba5
Bxd3 41. Nxd3 Ne4 42. Kf1 Bd6 43. Ke2 Kf8 44. g4 Ke7 45. f3 Nc5 46. Nf2 Nb3 47.
Bc3 e5 48. Kd3 Nc5+ 49. Kc2 Ke6 50. e4 d4 51. Bd2 h5 52. Nd3 Na6 53. Kb3 Kd7
54. Kc4 Kc6 55. f4 f6 56. f5 gxf5 57. exf5 hxg4 58. hxg4 Nc7 59. g5 fxg5 60.
Bxg5 Nd5 61. f6 Nb6+ 62. Kb3 Kd5 63. Nf2 Nd7 64. Kc2 Nc5 65. Kd2 Ke6 66. Ke2
Kf5 67. Bh4 e4 68. f7 Ke6 69. Nxe4 Nxe4 70. Kd3 Kd5 71. Be1 Nc5+ 72. Ke2 *

[Event "France Jeunes Belfort 2017"]
[Site "Belfort"]
[Date "2017.04.18"]
[Round "4.2"]
[White "Travadon, Loic"]
[Black "Trouve, Guillaume"]
[Result "1/2-1/2"]
[ECO "E11"]
[WhiteElo "2348"]
[BlackElo "2134"]
[PlyCount "67"]
[EventDate "2017.??.??"]
[TimeControl "6000+800"]
[WhiteClock "0:24:13"]
[BlackClock "0:28:24"]

1. d4 Nf6 2. c4 e6 3. Nf3 Bb4+ 4. Bd2 a5 5. a3 Be7 6. Nc3 d5 7. Bf4 O-O 8. Rc1
c5 9. dxc5 Bxc5 10. e3 Be7 11. cxd5 exd5 12. h3 Na6 13. Be2 Nc5 14. O-O Be6 15.
Nd4 Bd6 16. Bxd6 Qxd6 17. Ndb5 Qe7 18. Na4 Rac8 19. Nxc5 Rxc5 20. Rxc5 Qxc5 21.
Qd2 Ne4 22. Qxa5 Qc2 23. Nd4 Qxb2 24. Qb4 Qxb4 25. axb4 Rc8 26. Ra1 g6 27. Bd3
Nd6 28. Kf1 Kg7 29. Ke2 Kf6 30. Ra7 Rc7 31. Ra5 Ke7 32. Ra7 Kf6 33. Ra8 Rc8 34.
Ra7 1/2-1/2

[Event "France Jeunes Belfort 2017"]
[Site "Belfort"]
[Date "2017.04.18"]
[Round "4.3"]
[White "Aubert, Estee"]
[Black "Henry, Aziliz"]
[Result "1-0"]
[ECO "A41"]
[WhiteElo "1741"]
[BlackElo "1481"]
[PlyCount "53"]
[EventDate "2017.??.??"]
[TimeControl "6000+1315"]
[WhiteClock "0:21:55"]
[BlackClock "0:13:03"]

1. d4 d6 2. Bf4 Nf6 3. e3 g6 4. h3 Bg7 5. Nf3 O-O 6. Be2 Nbd7 7. O-O b6 8. a4
Bb7 9. Nc3 c5 10. d5 Re8 11. e4 e6 12. dxe6 Rxe6 13. Ng5 Re8 14. Bc4 d5 15.
exd5 Ne5 16. Bb5 Nxd5 17. Nxd5 Qxd5 18. Qxd5 Bxd5 19. Bxe8 Rxe8 20. Rfe1 h6 21.
Ne4 Kf8 22. Nc3 Bc4 23. Rad1 Nc6 24. Bd6+ Ne7 25. Bxe7+ Rxe7 26. Rd8+ Re8 27.
Rexe8# 1-0

[Event "France Jeunes Belfort 2017"]
[Site "Belfort"]
[Date "2017.04.18"]
[Round "4.3"]
[White "Bacrot, Alexandre"]
[Black "Ciccoli, Theo"]
[Result "1-0"]
[ECO "B50"]
[WhiteElo "2143"]
[BlackElo "2014"]
[PlyCount "53"]
[EventDate "2017.??.??"]
[TimeControl "6000+750"]
[WhiteClock "1:11:15"]
[BlackClock "0:00:37"]

1. e4 c5 2. Nf3 d6 3. Nc3 Nf6 4. e5 dxe5 5. Nxe5 Nbd7 6. d4 e6 7. Bb5 a6 8.
Bxd7+ Nxd7 9. Qf3 Qf6 10. Bf4 cxd4 11. Ne4 Qf5 12. Nc4 Qd5 13. Ncd6+ Bxd6 14.
Nxd6+ Ke7 15. Qxd5 exd5 16. O-O-O Nc5 17. Rhe1+ Be6 18. Rxd4 Kd7 19. b4 Na4 20.
Nxb7 Kc6 21. Na5+ Kb5 22. Re5 Nc3 23. Bd2 Rhc8 24. Kb2 Nd1+ 25. Kb3 Nxf2 26.
Be3 Ng4 27. Rxg4 1-0

[Event "France Jeunes Belfort 2017"]
[Site "Belfort"]
[Date "2017.04.18"]
[Round "4.3"]
[White "Bruneau, Maylis"]
[Black "Bellahcene, Anissa"]
[Result "0-1"]
[ECO "A80"]
[WhiteElo "1794"]
[BlackElo "1806"]
[PlyCount "60"]
[EventDate "2017.??.??"]
[TimeControl "6000+690"]
[WhiteClock "0:01:11"]
[BlackClock "0:15:41"]

1. d4 f5 2. Nf3 e6 3. Bf4 d5 4. e3 c6 5. Nbd2 Nf6 6. c4 Be7 7. h3 Nbd7 8. Bd3
O-O 9. Ng5 Nb8 10. c5 Ne4 11. Ngxe4 fxe4 12. Be2 b6 13. b4 Nd7 14. O-O Bh4 15.
Nb3 Qf6 16. g3 Bg5 17. Kh2 e5 18. dxe5 Nxe5 19. Nd4 Bd7 20. Qc1 Bxf4 21. gxf4
Ng6 22. f5 Bxf5 23. Nxf5 Qxf5 24. cxb6 Qe5+ 25. Kh1 Rf6 26. b7 Rb8 27. b5 Rxb7
28. bxc6 Rc7 29. Bb5 Rf3 30. Kg2 Nh4+ 0-1

[Event "France Jeunes Belfort 2017"]
[Site "Belfort"]
[Date "2017.04.18"]
[Round "4.3"]
[White "Candelot, Clement"]
[Black "Warnier, Yanis"]
[Result "1-0"]
[ECO "C54"]
[WhiteElo "1839"]
[BlackElo "1526"]
[PlyCount "45"]
[EventDate "2017.??.??"]
[TimeControl "6000+710"]
[WhiteClock "0:44:42"]
[BlackClock "0:46:05"]

1. e4 e5 2. Nf3 Nc6 3. Bc4 Bc5 4. c3 Nf6 5. d4 exd4 6. cxd4 Bb4+ 7. Bd2 Nxe4 8.
Bxb4 Nxb4 9. Bxf7+ Kxf7 10. Qb3+ d5 11. Ne5+ Ke7 12. Qxb4+ Qd6 13. Qxd6+ Nxd6
14. Nc3 c6 15. O-O Re8 16. Rfe1 Kf8 17. b4 Be6 18. Rab1 Bf5 19. Rb2 Nc4 20.
Rbe2 Nxe5 21. Rxe5 Rxe5 22. Rxe5 Re8 23. Rxf5+ 1-0

[Event "France Jeunes Belfort 2017"]
[Site "Belfort"]
[Date "2017.04.18"]
[Round "4.3"]
[White "Georges, Lisa"]
[Black "Bellahcene, Meriem"]
[Result "1-0"]
[ECO "B32"]
[WhiteElo "1704"]
[BlackElo "1919"]
[PlyCount "89"]
[EventDate "2017.??.??"]
[TimeControl "6000+740"]
[WhiteClock "0:10:40"]
[BlackClock "0:01:28"]

1. e4 c5 2. Nf3 Nc6 3. d4 cxd4 4. Nxd4 g6 5. g3 Bg7 6. Ne2 Nf6 7. Bg2 Rb8 8.
O-O O-O 9. Nbc3 b5 10. a3 a5 11. Bf4 d6 12. Nd5 Nxd5 13. exd5 Ne5 14. Nd4 Bd7
15. h3 Qc8 16. Kh2 Qc7 17. b3 Rfc8 18. Ra2 a4 19. Be3 f5 20. Bg5 Re8 21. Re1 h6
22. Bc1 Rbc8 23. Bb2 Qb6 24. f4 Nf7 25. Ne6 Bxb2 26. Rxb2 axb3 27. Rxb3 Kh7 28.
g4 fxg4 29. Qxg4 h5 30. Ng5+ Nxg5 31. Qxg5 Qd8 32. Be4 Rg8 33. Qxh5+ Kg7 34.
Qxg6+ Kf8 35. Qh6+ Kf7 36. Bh7 Qb6 37. Bxg8+ Rxg8 38. Rbe3 Ke8 39. Qh7 Be6 40.
dxe6 Rf8 41. Qe4 Qa6 42. Rc3 Kd8 43. Qc6 Qxc6 44. Rxc6 Rxf4 45. Rg1 1-0

[Event "France Jeunes Belfort 2017"]
[Site "Belfort"]
[Date "2017.04.18"]
[Round "4.3"]
[White "Kieffer, Anatole"]
[Black "Pillard, Valentin"]
[Result "1-0"]
[ECO "C06"]
[WhiteElo "2263"]
[BlackElo "1981"]
[PlyCount "55"]
[EventDate "2017.??.??"]
[TimeControl "6000+1290"]
[WhiteClock "0:37:02"]
[BlackClock "0:01:19"]

1. e4 e6 2. d4 d5 3. Nd2 Nf6 4. e5 Nfd7 5. Bd3 c5 6. c3 Nc6 7. Ne2 cxd4 8. cxd4
f6 9. exf6 Nxf6 10. Nf3 Bd6 11. O-O O-O 12. Bf4 Bxf4 13. Nxf4 Qd6 14. g3 e5 15.
dxe5 Nxe5 16. Nxe5 Qxe5 17. Qb3 Kh8 18. Rfe1 Qd6 19. Bf1 g5 20. Nd3 Be6 21. Bg2
Rfe8 22. Re5 h6 23. Rae1 Rad8 24. Qxb7 Rd7 25. Qb4 Kg8 26. Qd4 Rde7 27. h4 g4
28. Qf4 1-0

[Event "France Jeunes Belfort 2017"]
[Site "Belfort"]
[Date "2017.04.18"]
[Round "4.3"]
[White "Lamard, Guillaume"]
[Black "Bouvet, Florian"]
[Result "1-0"]
[ECO "A20"]
[WhiteElo "2307"]
[BlackElo "2183"]
[PlyCount "63"]
[EventDate "2017.??.??"]
[TimeControl "6000+675"]
[WhiteClock "0:27:40"]
[BlackClock "0:12:34"]

1. c4 e5 2. g3 g6 3. Nc3 Bg7 4. Bg2 d6 5. Nf3 Ne7 6. O-O O-O 7. d4 exd4 8. Nxd4
Nbc6 9. Nxc6 Nxc6 10. Bd2 Re8 11. Re1 a5 12. Rc1 Be6 13. b3 Qc8 14. Nd5 Nb4 15.
a3 Bxd5 16. cxd5 Na6 17. Bxa5 Nc5 18. Bb4 Bb2 19. Rc2 Bxa3 20. Bc3 Ne4 21. Bxe4
Rxe4 22. Qd3 Qe8 23. Ra1 Ra6 24. Bf6 Bc5 25. Rxa6 bxa6 26. Qxa6 Rb4 27. Qd3 Qb8
28. Ra2 h5 29. Ba1 h4 30. e3 h3 31. Qf1 Qc8 32. Qxh3 1-0

[Event "France Jeunes Belfort 2017"]
[Site "Belfort"]
[Date "2017.04.18"]
[Round "4.3"]
[White "Sumarriva Paulin, Laura"]
[Black "Sarazin, Amelie"]
[Result "0-1"]
[ECO "A43"]
[WhiteElo "1521"]
[BlackElo "1402"]
[PlyCount "43"]
[EventDate "2017.??.??"]
[TimeControl "6000+1085"]
[WhiteClock "0:09:03"]
[BlackClock "0:09:07"]

1. d4 c5 2. e3 cxd4 3. exd4 e6 4. c4 g6 5. Nc3 Bg7 6. Nf3 Ne7 7. Bf4 a6 8. d5
exd5 9. cxd5 Bxc3+ 10. bxc3 O-O 11. Be2 Qa5 12. d6 Nf5 13. Qd3 b5 14. Nd4 Ng7
15. O-O Bb7 16. Bf3 Qb6 17. Be3 Bxf3 18. Nxf3 Qd8 19. Bg5 Qb6 20. Ne5 Qc5 21.
Qe4 Ra7 22. Be3 0-1

[Event "France Jeunes Belfort 2017"]
[Site "Belfort"]
[Date "2017.04.18"]
[Round "4.3"]
[White "Viel, Simon"]
[Black "Bournel, Antoine"]
[Result "1/2-1/2"]
[ECO "B27"]
[WhiteElo "2220"]
[BlackElo "1933"]
[PlyCount "124"]
[EventDate "2017.??.??"]
[TimeControl "6000+1200"]
[WhiteClock "0:02:40"]
[BlackClock "0:03:22"]

1. e4 c5 2. Nf3 g6 3. c3 Bg7 4. d4 cxd4 5. cxd4 d5 6. exd5 Nf6 7. Bb5+ Bd7 8.
Bc4 O-O 9. O-O b5 10. Bb3 Bf5 11. Qe2 a6 12. Nc3 Ra7 13. Bf4 b4 14. Na4 Be4 15.
Bxb8 Qxb8 16. Ne5 Qd6 17. Nc6 Rc7 18. Nc5 Bxd5 19. Nxb4 Bxb3 20. axb3 Qxd4 21.
Ncxa6 Rb7 22. Rfd1 Qb6 23. Nd3 e6 24. b4 Nd5 25. Qe4 Ra7 26. Nac5 Rfa8 27. Rxa7
Rxa7 28. Qc4 Rc7 29. Rc1 Bh6 30. Rc2 Qa7 31. h3 Qa1+ 32. Kh2 Bf8 33. b5 Bd6+
34. g3 h5 35. Qb3 Qa7 36. Ne4 Be7 37. Rc6 Qb7 38. Qc4 h4 39. Nc3 hxg3+ 40. fxg3
Ne3 41. Qe4 Nf5 42. Ne5 Bd6 43. b6 Bxe5 44. bxc7 Bxg3+ 45. Kg2 Bxc7 46. b4 Ne3+
47. Kf3 Nf5 48. b5 Ba5 49. Qc4 Qa7 50. Qc5 Nd4+ 51. Kg2 Nxc6 52. Qxc6 Bxc3 53.
Qxc3 Qa2+ 54. Kg3 Qd5 55. Qc6 Qd3+ 56. Kf4 Qd4+ 57. Kf3 Qd3+ 58. Kf2 Qd2+ 59.
Kg3 Qe3+ 60. Kg2 Qe2+ 61. Kg1 Qe1+ 62. Kh2 Qe5+ 1/2-1/2

[Event "France Jeunes Belfort 2017"]
[Site "Belfort"]
[Date "2017.04.18"]
[Round "4.4"]
[White "Baudry, Remi"]
[Black "Viennot, Dylan"]
[Result "0-1"]
[ECO "C04"]
[WhiteElo "1940"]
[BlackElo "2263"]
[PlyCount "46"]
[EventDate "2017.??.??"]
[TimeControl "6000+1755"]
[WhiteClock "0:16:05"]
[BlackClock "0:22:19"]

1. e4 e6 2. d4 d5 3. Nd2 Nc6 4. Ngf3 Nf6 5. e5 Nd7 6. c3 f6 7. exf6 Qxf6 8. Bd3
Bd6 9. O-O O-O 10. Nb3 h6 11. Bc2 a5 12. a4 b6 13. Re1 Ba6 14. Bd3 Bb7 15. Bb5
e5 16. dxe5 Ncxe5 17. Nbd4 c6 18. Be2 Rae8 19. Rb1 c5 20. Nb5 Bb8 21. Bd2 Nxf3+
22. Bxf3 Ne5 23. Rxe5 Qxe5 0-1

[Event "France Jeunes Belfort 2017"]
[Site "Belfort"]
[Date "2017.04.18"]
[Round "4.4"]
[White "Bergougnoux, Axel"]
[Black "Verin, Jules"]
[Result "1-0"]
[ECO "B12"]
[WhiteElo "2194"]
[BlackElo "1757"]
[PlyCount "81"]
[EventDate "2017.??.??"]
[TimeControl "6000+1200"]
[WhiteClock "0:31:00"]
[BlackClock "0:08:41"]

1. e4 c6 2. d4 d5 3. Nd2 g6 4. c3 Bg7 5. Ngf3 Bg4 6. h3 Bxf3 7. Qxf3 e6 8. g3
Ne7 9. Bg2 Nd7 10. O-O O-O 11. Re1 a5 12. Nf1 Rc8 13. Bg5 h6 14. Bxe7 Qxe7 15.
exd5 c5 16. dxe6 fxe6 17. Qe4 cxd4 18. cxd4 Qf6 19. Re2 Rc4 20. Rd1 Nc5 21. Qb1
Rxd4 22. Rxd4 Qxd4 23. Qxg6 b6 24. b3 Kh8 25. Be4 Nxe4 26. Qxe4 Qxe4 27. Rxe4
Rc8 28. Ne3 Rc1+ 29. Kg2 Ra1 30. Rxe6 b5 31. Nf5 Rxa2 32. Re8+ Kh7 33. Re7 Kg6
34. Nxg7 Rb2 35. Ne8 Rxb3 36. g4 Kg5 37. Rf7 Rb4 38. Kg3 Rb3+ 39. f3 h5 40.
Rg7+ Kh6 41. g5# 1-0

[Event "France Jeunes Belfort 2017"]
[Site "Belfort"]
[Date "2017.04.18"]
[Round "4.4"]
[White "Bouslimi, Nabil"]
[Black "Degraeve, Remy"]
[Result "0-1"]
[ECO "A41"]
[WhiteElo "2003"]
[BlackElo "2126"]
[PlyCount "60"]
[EventDate "2017.??.??"]
[TimeControl "6000+1060"]
[WhiteClock "0:57:24"]
[BlackClock "0:33:39"]

1. d4 d6 2. Nf3 g6 3. c4 Bg7 4. Nc3 c5 5. dxc5 Bxc3+ 6. bxc3 dxc5 7. Qxd8+ Kxd8
8. Ng5 Ke8 9. Ne4 Nd7 10. Be3 b6 11. g3 f5 12. Nd2 Bb7 13. f3 e5 14. Bg2 Ngf6
15. O-O Rd8 16. Rfd1 Kf7 17. Bg5 h6 18. Bxf6 Nxf6 19. e4 Rd3 20. Kf2 Rhd8 21.
Ke2 Rxc3 22. exf5 gxf5 23. Bh3 f4 24. Bf5 Bc6 25. g4 Ba4 26. h4 Bxd1+ 27. Rxd1
Ra3 28. Bb1 e4 29. fxe4 f3+ 30. Ke1 Nxg4 0-1

[Event "France Jeunes Belfort 2017"]
[Site "Belfort"]
[Date "2017.04.18"]
[Round "4.4"]
[White "Cavailles, Evan"]
[Black "Papadiamandis, Elliot"]
[Result "0-1"]
[ECO "B52"]
[WhiteElo "1694"]
[BlackElo "1944"]
[PlyCount "134"]
[EventDate "2017.??.??"]
[TimeControl "6000+1025"]
[WhiteClock "0:08:20"]
[BlackClock "0:41:36"]

1. e4 c5 2. Nf3 d6 3. Bb5+ Bd7 4. Bxd7+ Qxd7 5. Nc3 Nc6 6. d3 e6 7. Be3 Nf6 8.
O-O Be7 9. h3 O-O 10. Qd2 Rab8 11. a4 b6 12. Rfe1 a6 13. Bg5 b5 14. axb5 axb5
15. e5 dxe5 16. Nxe5 Nxe5 17. Rxe5 Qd4 18. Bxf6 Bxf6 19. Re4 Qd7 20. Nd1 c4 21.
d4 Ra8 22. Rxa8 Rxa8 23. Qc1 Bxd4 24. Qd2 Bxf2+ 25. Qxf2 Qxd1+ 26. Re1 Qd5 27.
Rf1 Qd7 28. Qf3 Rd8 29. Kh1 h6 30. Qf2 f6 31. Ra1 Qd6 32. Ra7 Qd4 33. Qxd4 Rxd4
34. Rb7 Rd5 35. Kh2 Kh7 36. Kg3 Rd2 37. Rxb5 Rxc2 38. Rb7 Kg6 39. Kf3 h5 40. g3
Kf5 41. h4 e5 42. Ke3 g6 43. Rb6 g5 44. b4 cxb3 45. Rxb3 gxh4 46. gxh4 Rc4 47.
Rb1 Rxh4 48. Rf1+ Rf4 49. Rg1 h4 50. Rg2 h3 51. Rg1 h2 52. Rh1 Rh4 53. Kf3 e4+
54. Kg3 Kg5 55. Kf2 Kf4 56. Kg2 Kg4 57. Rf1 h1=Q+ 58. Rxh1 Rxh1 59. Kxh1 f5 60.
Kg2 f4 61. Kf2 e3+ 62. Ke2 Kg3 63. Kd3 Kf2 64. Ke4 f3 65. Kd5 e2 66. Kd4 e1=Q
67. Kd5 Qe3 0-1

[Event "France Jeunes Belfort 2017"]
[Site "Belfort"]
[Date "2017.04.18"]
[Round "4.4"]
[White "Collongues, Jade"]
[Black "Amr-Tardif, Corail"]
[Result "0-1"]
[ECO "B50"]
[WhiteElo "1030"]
[BlackElo "1474"]
[PlyCount "70"]
[EventDate "2017.??.??"]
[TimeControl "6000+735"]
[WhiteClock "0:41:03"]
[BlackClock "0:40:20"]

1. e4 c5 2. Nf3 d6 3. Nc3 Nf6 4. d3 g6 5. Be2 Bg7 6. O-O O-O 7. Bg5 Nc6 8. Qd2
d5 9. Bxf6 Bxf6 10. exd5 Nb4 11. d4 cxd4 12. Nxd4 Bxd4 13. a3 Bxc3 14. Qxc3
Nxd5 15. Qc4 Nf6 16. Rfd1 Qb6 17. b3 Qe6 18. Qxe6 Bxe6 19. h3 b6 20. Rd4 Rac8
21. c4 Rfd8 22. Rf4 Rd2 23. Bf3 Rb2 24. Re1 Rc7 25. Re3 b5 26. a4 bxc4 27. bxc4
Rb4 28. a5 Ra4 29. Be2 Rxa5 30. Rc3 Rac5 31. Rc2 Ne8 32. Bg4 Bxg4 33. hxg4 Nd6
34. Rc3 Rxc4 35. Rcxc4 Rxc4 0-1

[Event "France Jeunes Belfort 2017"]
[Site "Belfort"]
[Date "2017.04.18"]
[Round "4.4"]
[White "Ferrari, Louis"]
[Black "Laurent-Paoli, Pierre"]
[Result "0-1"]
[ECO "A04"]
[WhiteElo "2024"]
[BlackElo "2298"]
[PlyCount "92"]
[EventDate "2017.??.??"]
[TimeControl "6000+1690"]
[WhiteClock "0:00:36"]
[BlackClock "0:07:00"]

1. Nf3 c5 2. g3 Nc6 3. Bg2 g6 4. O-O Bg7 5. d3 d6 6. Nbd2 e5 7. e4 Nge7 8. Re1
O-O 9. c3 h6 10. Nf1 d5 11. Ne3 Be6 12. exd5 Nxd5 13. Nc4 Qc7 14. Qe2 Rfe8 15.
Nfxe5 Nxe5 16. Nxe5 Bxe5 17. Qxe5 Bd7 18. Qxe8+ Rxe8 19. Rxe8+ Bxe8 20. Bxd5
Bc6 21. Bxc6 Qxc6 22. Bxh6 Qb5 23. Rb1 Qxd3 24. Re1 Qd5 25. Be3 Qxa2 26. Re2 b6
27. Rd2 Qb1+ 28. Kg2 Qe4+ 29. Kg1 Qe7 30. h4 f6 31. Kh2 Kf7 32. Bf4 a5 33. Rd5
Qe6 34. Rd2 Qb3 35. Rd7+ Ke6 36. Rd6+ Ke7 37. Rd2 a4 38. Re2+ Kf7 39. Bd6 Qb5
40. Rd2 Qc4 41. Bc7 Qb3 42. Re2 Qd1 43. Re4 Qc2 44. Rf4 Qxb2 45. Bd8 a3 46.
Bxf6 a2 0-1